 Dungeon Crawl Stone Soup version 0.21-a0-346-g330ab2c (webtiles) character file.

196 Hasart the Slasher (level 5, -4/41 HPs)
             Began as a Mummy Fighter on Oct 5, 2017.
             Killed from afar by an orc wizard (6 damage)
             ... with a puff of flame
             ... on level 4 of the Dungeon.
             The game lasted 00:04:35 (2698 turns).

Hasart the Slasher (Mummy Fighter)                  Turns: 2698, Time: 00:04:35

Health: -4/41      AC:  7    Str: 20    XL:     5   Next: 46%
Magic:  5/5        EV:  6    Int:  9    God:
Gold:   99         SH:  8    Dex: 12    Spells: 4/4 levels left

rFire    x . .     SeeInvis .   a - +0 long sword
rCold    + . .     Gourm    .   c - +0 shield
rNeg     + + +     Faith    .   b - +0 scale mail
rPois    ∞         Spirit   .   (no helmet)
rElec    .         Reflect  .   (no cloak)
rCorr    .         Harm     .   d - +0 pair of gloves (curse)
MR       .....                  (no boots)
Stlth    ..........             (no amulet)
HPRegen  0.13/turn              j - +2 ring of intelligence (curse)
MPRegen  0.09/turn              (no ring)

@: heavily drained
A: no food or potions, fire vulnerability, cold resistance 1, negative energy
resistance 3, torment resistance, unbreathing
a: no special abilities


You were on level 4 of the Dungeon.
You were not hungry.

You visited 1 branch of the dungeon, and saw 4 of its levels.

You collected 99 gold pieces.

Inventory:

Hand Weapons
 a - a +0 long sword (weapon)
Armour
 b - a +0 scale mail (worn)
 c - a +0 shield (worn)
 d - a cursed +0 pair of gloves (worn)
Jewellery
 j - a cursed +2 ring of intelligence (left hand)
Scrolls
 e - 7 scrolls of identify {unknown}
 f - 2 scrolls of fog {unknown}
 g - 2 scrolls of blinking {unknown}
 h - a scroll of amnesia {unknown}
 i - 4 scrolls of teleportation {unknown}
 k - 2 scrolls of random uselessness {unknown}


   Skills:
 - Level 3.0(1.8) Fighting
 + Level 4.8(3.6) Long Blades
 - Level 2.4(1.2) Armour
 - Level 2.4(1.2) Shields


You had 4 spell levels left.
You didn't know any spells.

Dungeon Overview and Level Annotations

Branches:
Dungeon (4/15)
 Temple: D:4-7

Altars:
Wu Jian


Innate Abilities, Weirdness & Mutations

You do not eat or drink.
Your flesh is vulnerable to fire.
You are immune to poison.
Your flesh is cold resistant. (rC+)
You are immune to negative energy. (rN+++)
You are immune to unholy pain and torment.
You can survive without breathing.


Message History

Your shield and scale mail prevent you from hitting something.
Something hits you but does no damage.
You miss something. Something hits you.
You miss something. Something hits you but does no damage. Something hits you.
You miss something. Something hits you but does no damage.
You miss something.
You hear some strange, mumbled words.
A magic dart appears from out of thin air!
The magic dart hits you!
* * * LOW HITPOINT WARNING * * *
Your shield prevents you from hitting something.
You hear some strange, mumbled words.
A puff of flame appears from out of thin air!
The puff of flame hits you! The fire burns you terribly!
* * * LOW HITPOINT WARNING * * *
You closely miss something. Something hits you but does no damage.
You hear some strange, mumbled words.
A puff of flame appears from out of thin air!
The puff of flame hits you! The fire burns you terribly!
You die...

###..{..## .# #........##
######†...# ##...## ## ##.o.#
####### #. ##..# .......####.
#..# #..........#..
#..###....>.........!
#..#@................
##..{†................
##.....................
#......................
##.....................#
#............###...#..##
#######............##....####
#.......................#
##........(.....###.....#


There were no monsters in sight!

Vanquished Creatures
  An orc wizard (D:2)
  A centaur skeleton (D:4)
  A gnoll (D:1)
  5 adders
  An ooze (D:3)
  A worm (D:4)
  2 dart slugs (D:2)
  3 leopard geckos
  6 orcs
  A ball python (D:4)
  3 giant cockroaches
  5 goblins
  4 hobgoblins
  7 jackals (D:2)
  4 kobolds
  9 bats
  4 frilled lizards
  A quokka skeleton (D:4)
  8 rats
67 creatures vanquished.

Notes
Turn   | Place    | Note
-------+----------+-------------------------------------------
     0 | D:1      | Hasart the Mummy Fighter began the quest for the Orb.
     0 | D:1      | Reached XP level 1. HP: 18/18 MP: 1/1
   218 | D:1      | Reached skill level 2 in Long Blades
   218 | D:1      | Reached XP level 2. HP: 7/24 MP: 2/2
   970 | D:2      | Reached XP level 3. HP: 26/29 MP: 3/3
   983 | D:2      | Reached skill level 3 in Long Blades
  1074 | D:2      | Reached XP level 4. HP: 26/35 MP: 4/4
  1654 | D:2      | Reached skill level 4 in Long Blades
  1839 | D:3      | Found an ornate altar of the Wu Jian Council.
  2308 | D:3      | Reached XP level 5. HP: 41/41 MP: 5/5
  2697 | D:4      | HP: 2/41 [something/puff of flame (4)]
  2698 | D:4      | Killed from afar by an orc wizard

Vault maps used:
D:1:      minmay_arrival_jagged, serial_park_tiny_2, minmay_crystal_water
D:3:      lemuel_crystal_altar, kennysheep_generic_room_2
D:4:      nicolae_gozag_seed_capital, uniq_menkaure

Skill      XL: |  1  2  3  4 |
---------------+-------------+-----
Long Blades    | 2 3 4 |  4.8
Fighting       | |  3.0
Armour         | |  2.4
Shields        | |  2.4

Action                   |  1- 3 |  4- 6 || total
-------------------------+-------+-------++-------
Melee: Long sword        |   125 |   176 ||   301
Armor: Scale mail        |    78 |    97 ||   175
Dodge: Dodged            |    42 |    63 ||   105
Block: Shield            |    81 |    84 ||   165
       Rpst.: Long sword |    15 |    23 ||    38

Table legend:
 A = Spawn XP
 B = Non-spawn XP
 C = Spawn XP percentage of total XP
 D = Spawn monster count
 E = Non-spawn monster count
 F = Spawn count percentage of total count
 G = Total turns spent on level
                    A         B        C        D         E        F      G
               +---------+---------+-------+---------+---------+-------+---------
         Total |       0 |     281 |   0.0 |       0 |      67 |   0.0 |  2698
               +---------+---------+-------+---------+---------+-------+---------
           D:1 |       0 |      32 |   0.0 |       0 |      13 |   0.0 |   906
           D:2 |       0 |     124 |   0.0 |       0 |      31 |   0.0 |   897
           D:3 |       0 |      43 |   0.0 |       0 |      14 |   0.0 |   547
           D:4 |       0 |      82 |   0.0 |       0 |       9 |   0.0 |   348
               +---------+---------+-------+---------+---------+-------+---------
